 Dungeon Crawl Stone Soup version 0.30-a0-159-g068b764562 (webtiles) character file.

Game seed: 15704848940646798233

13800 zishaf the Artisan of Death (level 12, -3/99 HPs)
             Began as a Human Necromancer on Sept 27, 2022.
             Was a Priest of Kikubaaqudgha.
             Slain by a reaper
             ... wielding a +2 scythe of freezing
              (20 damage)
             ... in an ice cave.
             The game lasted 00:37:31 (14458 turns).

zishaf the Artisan of Death (Human Necromancer)    Turns: 14458, Time: 00:37:32

Health: -3/99      AC: 16    Str: 10    XL:     12   Next: 37%
Magic:  3/20       EV: 10    Int: 20    God:    Kikubaaqudgha [***...]
Gold:   238        SH: 10    Dex: 13    Spells: 5/22 levels left

rFire   + . .      SeeInvis .    d - +2 long sword
rCold   . . .      Faith    .    t - +0 kite shield
rNeg    + . .      Spirit   .    H - +0 acid dragon scales
rPois   .          Reflect  .    (no helmet)
rElec   +          Harm     .    m - +0 cloak
rCorr   +          Rampage  .    b - +2 pair of gloves
Will    .....                    o - +1 pair of boots
Stlth   ++........               D - amulet of regeneration
HPRegen 1.06/turn                C - +4 ring of protection
MPRegen 0.17/turn                c - ring of the Baking Fool {rElec rF+ rN+}

@: mighty, brilliant, very slightly contaminated, invisible (expiring)
A: no striking features
a: Renounce Religion, Unearth Wretches


You were in an ice cave.
You worshipped Kikubaaqudgha.
Kikubaaqudgha was most pleased with you.
You visited 2 branches of the dungeon, and saw 12 of its levels.
You also visited: Sewer and Ice Cave.

You collected 730 gold pieces.
You spent 492 gold pieces at shops.

Inventory:

Hand Weapons
 d - a +2 long sword (weapon)
 G - a +1 broad axe
Missiles
 z - 2 throwing nets
Armour
 b - a +2 pair of gloves (worn)
 m - a +0 cloak (worn)
 o - a +1 pair of boots (worn)
 t - a +0 kite shield (worn)
 H - +0 acid dragon scales (worn)
Magical Staves
 a - a staff of death
Jewellery
 c - the ring of the Baking Fool (right hand) {rElec rF+ rN+}
   (You bought it in a shop on level 7 of the Dungeon)

   [ring of positive energy]

   rF:        It protects you from fire.
   rElec:     It insulates you from electricity.
   rN:        It protects you from negative energy.
 g - a ring of resist corrosion
 C - a +4 ring of protection (left hand)
 D - an amulet of regeneration (around neck)
Wands
 s - a wand of charming (5)
Scrolls
 f - 2 scrolls of immolation
 p - 2 scrolls of magic mapping
 w - 4 scrolls of teleportation
 x - 2 scrolls of enchant armour
 E - a scroll of vulnerability
 F - a scroll of poison
Potions
 k - 3 potions of mutation
 l - 2 potions of might
 n - 3 potions of curing
 q - 2 potions of cancellation
 A - 2 potions of lignification
 B - a potion of haste


   Skills:
 + Level 10.8 Fighting
 - Level 2.0 Dodging
 - Level 2.0 Stealth
 - Level 8.0 Shields
 + Level 5.6 Spellcasting
 + Level 11.5 Necromancy
 + Level 4.7 Earth Magic
 - Level 4.0 Evocations


You had 5 spell levels left.
You knew the following spells:

 Your Spells              Type           Power      Damage    Failure   Level
a - Necrotise             Necr           100%       1d9       1%          1
b - Vampiric Draining     Necr           67%        2d10      1%          3
c - Dispel Undead         Necr           67%        3d23      3%          4
d - Borgnjor's Vile Clut  Necr/Erth      27%        N/A       41%         5
A - Animate Dead          Necr           67%        N/A       3%          4

Your spell library contained the following spells:

 Spells                   Type           Power      Damage    Failure   Level
 Sublimation of Blood     Necr           67%        N/A       1%          2
 Agony                    Necr           67%        N/A       11%         5
 Cigotuvi's Dreadful Rot  Necr/Pois/Air  62%        N/A       14%         2
 Foxfire                  Conj/Fire      32%        2x1d5     41%         1
 Slow                     Hex            32%        N/A       41%         1
 Sting                    Tmut/Pois      32%        1d4       41%         1
 Poisonous Vapours        Pois/Air       16%        N/A       56%         2
 Wereblood                Tmut           8%         N/A       56%         2
 Confusing Touch          Hex            8%         N/A       80%         3
 Gell's Gravitas          Tloc           8%         N/A       80%         3
 Summon Guardian Golem    Hex/Summ       8%         N/A       80%         3
 Teleport Other           Tloc           8%         N/A       80%         3
 Petrify                  Tmut/Erth      22%        N/A       86%         4
 Olgreb's Toxic Radiance  Pois           8%         N/A       99%         4
 Fireball                 Conj/Fire      4%         3d4       100%        5
 Metabolic Englaciation   Hex/Ice        4%         N/A       100%        5
 Death Channel            Necr           33%        N/A       52%         6
 Simulacrum               Ice/Necr       21%        N/A       99%         6
 Dispersal                Tloc           4%         N/A       100%        6
 Starburst                Conj/Fire      4%         6d3       100%        6
 Statue Form              Tmut/Erth      14%        N/A       100%        6
 Orb of Destruction       Conj           4%         9d5       100%        7
 Spellforged Servitor     Conj/Summ      4%         N/A       100%        7
 Summon Hydra             Summ           4%         N/A       100%        7


Dungeon Overview and Level Annotations

Branches:
Dungeon (11/15)            Temple (0/1) D:6            Lair (1/5) D:9
    Orc (0/2) D:9           Sewer (visited)           IceCv (1/1)

Altars:
Cheibriados
Dithmenos
Fedhas
Kikubaaqudgha
Okawaru
Uskayaw
Xom
Zin

Shops:
D:7 =   D:11 *

Portals:
Abyss: D:4

Annotations:
D:4 dig vault, 2 transporters, Iusername's ghost, amateur MiFi
D:10 1 runed translucent door, greasedhog's ghost, journeyman GrAK


Message History

r - Retreat! s - Stop attacking. g - Guard the area. f - Follow me.
Anything else - Cancel.
Gang up on whom?
Press: ? - help, Dir - move target, f/p - reaper
Aim: a reaper, wielding a +2 scythe of freezing, wearing a +2 robe of cold resistance and wearing a ring of protection from cold (moderately wounded, ally target) Attack!
The reaper completely misses your ice beast zombie.
Your rime drake zombie closely misses the reaper.
It was a potion of invisibility.
You fade into invisibility!
Your reaping aura is weakening.
Your ice beast zombie hits the reaper but does no damage.
The reaper hits your ice beast zombie with a +2 scythe of freezing!!!
The reaper freezes your ice beast zombie.
Your ice beast zombie is destroyed!
Your rime drake zombie bites the reaper but does no damage.
Your reaping aura expires.
Casting: Borgnjor's Vile Clutch (dangerous; 41% risk of failure)
Confirm with . or Enter, or press ? or * to list all spells.
Aiming: Borgnjor's Vile Clutch (dangerous; 41% risk of failure)
Press: ? - help, Shift-Dir - straight line, f/p - reaper
Aim: a reaper, wielding a +2 scythe of freezing, wearing a +2 robe of cold resistance and wearing a ring of protection from cold (lightly wounded, ally target, 100% to hit)
You feel a strong surge of power!
Zombie hands grab the reaper.
The zombie hands constrict the reaper.
The reaper escapes!
Okay, then.
You flicker for a moment.
You feel very mighty all of a sudden.
The reaper hits you from afar with a +2 scythe of freezing!!
The reaper freezes you!
Your rime drake zombie closely misses the reaper.
d - a +2 long sword (weapon)
The reaper hits you from afar with a +2 scythe of freezing!!
* * * LOW HITPOINT WARNING * * *
The reaper freezes you!
* * * LOW HITPOINT WARNING * * *
Your rime drake zombie barely misses the reaper.
The reaper hits you with a +2 scythe of freezing!!
You die...
Kikubaaqudgha rasps: "You have failed me!
Welcome... death!"

##....# ..### ##..##
#°..## ##...# §..○§
#...## ##°#§#☼☼#
##..####.☼§§§..
####..##≈##§☼##...
##..#..#≈≈#....#..#
##...#...≈≈...#.##.#.
#..2@...#≈#..##..#.#.
##.Z##...###..#.......
#...###..# #..........
#.Z##.#.## #...#...###
#..#....## #...#......
#..##....###...#......
##..#....##....###..#.
#..##..[##......##.#.
##..#.)##..#.○○..#.#.


You could see a reaper (ally target) and a friendly rime drake zombie.

Vanquished Creatures
  A hydra (D:10)
  2 two-headed ogres
  A necromancer (D:11)
  A manticore (D:11)
  A black mamba (Lair:1)
  Joseph (D:8)
  2 ice statues (IceCv)
  Psyche (D:10)
  An unseen horror (D:10)
  A freezing wraith (IceCv)
  4 ice devils (IceCv)
  4 trolls
  An anaconda simulacrum (IceCv)
  A hornet (D:9)
  A wyvern (D:8)
  A shadow (D:11)
  5 yaks (D:7)
  A dire elephant simulacrum (IceCv)
  3 steam dragons
  A death yak simulacrum (IceCv)
  A vampire mosquito (D:10)
  A hydra simulacrum (IceCv)
  2 acid dragons (D:9)
  2 water moccasins
  A sky beast (D:7)
  2 ice beasts
  A black bear (D:4)
  5 orc warriors
  An ogre (D:4)
  4 centaurs
  A kobold brigand (D:9)
  A phantom (D:4)
  5 bullfrogs
  3 scorpions
  A two-headed ogre simulacrum (IceCv)
  6 wights
  5 killer bees (D:9)
  5 howler monkeys
  6 orc priests
  A jelly (D:7)
  3 hounds
  Crazy Yiuf (D:4)
  4 iguanas
  11 orc wizards
  2 spriggan simulacra (IceCv)
  7 wolf simulacra
  A yak simulacrum (D:11)
  6 troll simulacra (IceCv)
  3 polar bear simulacra
  An adder (D:5)
  3 gnolls (D:5)
  2 naga simulacra (IceCv)
  A river rat (D:3)
  2 white imps
  4 dart slugs
  22 orcs
  5 endoplasms
  2 giant cockroaches
  4 goblins
  6 hobgoblins
  11 jackals
  10 kobolds
  3 quokkas
  6 ball pythons
  12 bats
  3 frilled lizards
  3 rats
  2 river rat simulacra (D:11)
228 creatures vanquished.

Vanquished Creatures (collateral kills)
  Harold (D:10)
  A rime drake (IceCv)
  2 vampire mosquitoes (D:10)
  An iguana (D:4)
  An orc wizard (D:9)
  A worm (D:3)
  A dart slug (D:3)
  5 orcs
  3 bats (Sewer)
  An endoplasm (D:1)
17 creatures vanquished.

Vanquished Creatures (others)
  5 rime drakes (IceCv)
  A polar bear (IceCv)
  A human zombie (D:10)
  6 ice beasts (IceCv)
  5 rime drake zombies (IceCv)
  A polar bear zombie (IceCv)
  A troll zombie (D:10)
  6 ice beast zombies (IceCv)
  11 orc zombies
  2 orcs (D:10)
  4 fungi (D:3)
  2 plants (D:11)
45 creatures vanquished.

Grand Total: 290 creatures vanquished

Notes
Turn   | Place    | Note
-------+----------+-------------------------------------------
     0 | D:1      | zishaf the Human Necromancer began the quest for the Orb.
     0 | D:1      | Reached XP level 1. HP: 13/13 MP: 3/3
   169 | D:1      | Reached XP level 2. HP: 20/20 MP: 3/5
   212 | D:1      | Reached skill level 1 in Fighting
   283 | D:1      | You fall into a shaft and drop 1 floor!
   374 | D:2      | Reached XP level 3. HP: 26/26 MP: 2/6
  1550 | D:3      | Found a shadowy altar of Dithmenos.
  1597 | D:3      | Found a glowing drain.
  1627 | D:3      | Reached XP level 4. HP: 11/33 MP: 0/8
  1820 | Sewer    | Entered a sewer
  1845 | Sewer    | Noticed Pargi
  2212 | D:3      | Learned a level 3 spell: Vampiric Draining
  2217 | D:3      | Learned a level 4 spell: Animate Dead
  2432 | D:3      | Found a snail-covered altar of Cheibriados.
  2975 | D:4      | Reached XP level 5. HP: 39/39 MP: 4/9
  3021 | D:4      | Noticed a bullfrog
  3056 | D:4      | Noticed a phantom
  3056 | D:4      | Noticed an ogre
  3079 | D:4      | Killed an ogre
  3080 | D:4      | Reached skill level 5 in Necromancy
  3080 | D:4      | Reached XP level 6. HP: 47/47 MP: 3/10
  3161 | D:4      | Reached skill level 1 in Evocations
  3161 | D:4      | Reached XP level 7. HP: 29/54 MP: 1/11
  3326 | D:4      | Found a runed translucent door.
  3327 | D:4      | Noticed Crazy Yiuf
  3345 | D:4      | Killed Crazy Yiuf
  3476 | D:4      | Reached skill level 6 in Necromancy
  3718 | D:4      | Found a one-way gate to the infinite horrors of the Abyss.
  3718 | D:4      | Noticed Iusername's ghost (amateur MiFi)
  3727 | D:4      | Found a transporter.
  3751 | D:4      | Found a transporter.
  3883 | D:4      | Found an ancient bone altar of Kikubaaqudgha.
  3889 | D:4      | Became a worshipper of Kikubaaqudgha
  3945 | D:5      | Entered Level 5 of the Dungeon
  4394 | D:5      | Found a shimmering altar of Xom.
  4643 | D:5      | Found a glowing silver altar of Zin.
  4720 | D:5      | Reached skill level 5 in Fighting
  4720 | D:5      | Reached XP level 8. HP: 61/62 MP: 6/12
  4853 | D:6      | Found a staircase to the Ecumenical Temple.
  4971 | D:6      | Reached skill level 1 in Shields
  5461 | D:6      | Reached skill level 7 in Necromancy
  5726 | D:6      | Reached XP level 9. HP: 56/69 MP: 3/13
  5824 | D:6      | Found a blossoming altar of Fedhas.
  5826 | D:6      | Found a hide-covered altar of Uskayaw.
  5913 | D:6      | Reached * piety under Kikubaaqudgha
  5913 | D:6      | Received a gift from Kikubaaqudgha
  6030 | D:7      | Found Atareg's Jewellery Shop.
  6349 | D:7      | Reached skill level 8 in Necromancy
  7627 | D:8      | Noticed Joseph
  7645 | D:8      | Killed Joseph
  7646 | D:8      | Reached skill level 5 in Shields
  7646 | D:8      | Reached XP level 10. HP: 39/79 MP: 0/14
  8202 | D:7      | Reached skill level 9 in Necromancy
  8503 | D:8      | Noticed a two-headed ogre
  8542 | D:8      | Killed a two-headed ogre
  8791 | D:9      | Found a staircase to the Lair.
  9033 | D:9      | Reached ** piety under Kikubaaqudgha
  9522 | D:7      | Bought the ring of the Baking Fool {rElec rF+ rN+} for 492
                  | gold pieces
  9753 | D:9      | Reached XP level 11. HP: 83/87 MP: 1/17
  9946 | D:9      | Reached skill level 10 in Necromancy
 10143 | D:9      | Found a staircase to the Orcish Mines.
 10399 | D:10     | Entered Level 10 of the Dungeon
 10446 | D:10     | Noticed a five-headed hydra
 10446 | D:10     | Noticed Psyche
 10525 | D:10     | Killed a five-headed hydra
 10531 | D:10     | Killed Psyche
 10681 | D:10     | Found a runed translucent door.
 10681 | D:10     | Found a shimmering altar of Xom.
 10681 | D:10     | Noticed greasedhog's ghost (journeyman GrAK)
 10682 | D:10     | Noticed a +1 flail of chaos
 10703 | D:10     | Reached *** piety under Kikubaaqudgha
 10703 | D:10     | Received a gift from Kikubaaqudgha
 10819 | D:10     | Found an iron altar of Okawaru.
 10830 | D:10     | Noticed a two-headed ogre
 10976 | D:9      | Learned a level 4 spell: Dispel Undead
 10982 | D:9      | Learned a level 5 spell: Borgnjor's Vile Clutch
 11308 | D:10     | Noticed Harold
 11315 | D:10     | Killed Harold
 11316 | D:10     | Reached skill level 1 in Earth Magic
 11360 | D:10     | Your ally Harold died
 11434 | D:10     | Killed a two-headed ogre
 11435 | D:10     | Reached skill level 10 in Fighting
 11836 | D:11     | Noticed a manticore
 11845 | D:11     | Killed a manticore
 12464 | D:11     | Noticed a necromancer
 12479 | D:11     | Killed a necromancer
 12480 | D:11     | Reached skill level 5 in Spellcasting
 12480 | D:11     | Reached skill level 11 in Necromancy
 12845 | D:11     | Found Amik Ass's Elemental Accessories.
 12951 | Lair:1   | Entered Level 1 of the Lair of Beasts
 12955 | Lair:1   | Found a frozen archway.
 12968 | Lair:1   | Reached XP level 12. HP: 95/98 MP: 8/19
 13032 | IceCv    | Entered an ice cave
 14292 | IceCv    | Noticed a reaper
 14458 | IceCv    | Slain by a reaper

Illustrated notes

Levels and vault maps discovered:
D:1:      kennysheep_arrival_forest, layout_loops_ring, kennysheep_another_room
D:2:      layout_rooms
D:3:      layout_basic, mainiacjoe_overflow_alcove_4,
          mainiacjoe_overflow_chevrons, portal_sewer_entry_b
D:4:      layout_gridville, kennysheep_little_box,
          gammafunk_ghost_abyssal_escape, lightli_corner_chamber,
          uniq_crazy_yiuf_cottage
D:5:      layout_basic, zin_statuary, mainiacjoe_overflow_small_starburst
D:6:      layout_basic, jmf_multi_god_temple, minmay_temple_entry_mini_moons
D:7:      layout_basic, serial_shops, shop, grunt_ministairs_10, kennysheep_nub
D:8:      layout_rooms, uniq_joseph
D:9:      layout_roguey, lair_entry_dummy, david_orc_4, dk_noncrumbling_2,
          kennysheep_small_square
D:10:     layout_long_grid, okawaru_ov_weapons_minmay, ebering_ghost_xom,
          uniq_psyche, uniq_harold
D:11:     layout_loops_ring, nicolae_elemental_shop, eino_house_with_fridge
Lair:1:   layout_cave_pods, portal_ice_cave_entry_pillars_2,
          dreamdust_gnoll_shepherd, serial_bayou_shore_b, uniq_erica,
          uniq_maggie, uniq_amaemon
IceCv:    ice_cave_small_demon

Skill      XL: |  1  2  3  4  5  6  7  8  9 10 11 12 |
---------------+-------------------------------------+-----
Fighting       | 1 2 3 4 5 6 7 8 10 | 10.8
Spellcasting   | 3 4 5 |  5.6
Necromancy     | 5 6 7 8 9 11 | 11.5
Evocations     | 1 2 4 |  4.0
Shields        | 2 5 7 8 |  8.0
Earth Magic    | 3 4 |  4.7
Dodging        | |  2.0
Stealth        | |  2.0

Action                   |  1- 3 |  4- 6 |  7- 9 | 10-12 || total
-------------------------+-------+-------+-------+-------++-------
Melee: Staff             |    11 |    22 |    47 |   350 ||   430
       Punch             |       |     1 |       |       ||     1
       Long sword        |       |       |     6 |    29 ||    35
 Cast: Necrotise         |    54 |    60 |   118 |    33 ||   265
       Vampiric Draining |       |       |    33 |    91 ||   124
       Animate Dead      |       |       |       |     8 ||     8
       Dispel Undead     |       |       |       |    25 ||    25
       Borgnjor's Vile C |       |       |       |    12 ||    12
Invok: Unearth Wretches  |       |       |       |     4 ||     4
Evoke: Wand              |       |     3 |     9 |    11 ||    23
  Use: Scroll            |       |     9 |     2 |    10 ||    21
       Potion            |       |     2 |       |    14 ||    16
 Stab: Sleeping          |       |       |       |     1 ||     1
       Distracted        |       |       |       |     1 ||     1
Armor: Robe              |     4 |     7 |    40 |    25 ||    76
       Acid dragon scale |       |       |       |   327 ||   327
Dodge: Dodged            |    16 |    34 |    67 |   290 ||   407
Block: Buckler           |       |       |    34 |    29 ||    63
       Kite shield       |       |       |     1 |   298 ||   299

Table legend: (Time is in decaauts)
 A = Elapsed time spent in this place.
 B = Non-inter-level travel time spent in this place.
 C = Inter-level travel time spent in this place.
 D = Time resting spent in this place.
 E = Time spent auto-exploring this place.
 F = Levels seen in this place.
 G = Mean time per level.
                   A        B        C        D        E       F      G
               +--------+--------+--------+--------+--------+-----+--------+
         Total |  14920 |  14263 |    657 |   1709 |   9432 |  14 | 1065.7 |
       Dungeon |  13301 |  12644 |    657 |   1006 |   9254 |  11 | 1209.2 |
          Lair |     80 |     80 |      0 |     62 |      0 |   1 |   80.0 |
         Sewer |     45 |     45 |      0 |      0 |      0 |   1 |   45.0 |
      Ice Cave |   1492 |   1492 |      0 |    641 |    178 |   1 | 1492.0 |
               +--------+--------+--------+--------+--------+-----+--------+

Top non-repeatable levels by time:
     D:7: 1925 daAuts
     D:9: 1855 daAuts
   IceCv: 1492 daAuts
     D:3: 1258 daAuts
    D:11: 1214 daAuts
    D:10: 1190 daAuts
     D:4: 1111 daAuts
     D:6: 1066 daAuts
     D:1: 1056 daAuts
     D:5: 1038 daAuts
     D:8: 1008 daAuts
     D:2: 575 daAuts
  Lair:1: 80 daAuts
   Sewer: 45 daAuts
